 Dungeon Crawl Stone Soup version 0.30-a0-459-g9104f0fc43 (webtiles) character file.

Game seed: 8609304835819185969

560914 HoaS the Merry Tengu (level 26, -67/192 HPs)
             Began as a Tengu Hunter on Dec 15, 2022.
             Was the Champion of Okawaru.
             Killed from afar by an orb of fire (78 damage)
             ... with a fireball
             ... on level 4 of the Realm of Zot.
             The game lasted 02:15:16 (57810 turns).

HoaS the Merry Tengu (Tengu Hunter)                Turns: 57810, Time: 02:15:16

Health: -67/192    AC: 19    Str: 11    XL:     26   Next: 63%
Magic:  33/33      EV: 80    Int: 13    God:    Okawaru [******]
Gold:   6398       SH:  0    Dex: 52    Spells: 25/25 levels left

rFire   . . .      SeeInvis .    E - +9 triple crossbow (drain)
rCold   . . .      Faith    .    (shield currently unavailable)
rNeg    . . .      Spirit   .    H - +5 steam dragon scales
rPois   +          Reflect  .    F - +2 hat
rElec   .          Harm     .    s - +1 cloak "Boyhuk" {Dex+2}
rCorr   +          Rampage  .    d - +2 pair of gloves "Sufiuss" {rCorr Dex+7}
Will    +....      Clarity  +    (boots unavailable)
Stlth   +++++.....               Q - amulet "Zoafoek" {Acrobat rPois Dex+6 Stlth+}
HPRegen 0.52/turn                J - +6 ring of dexterity
MPRegen 0.23/turn                r - +6 ring of dexterity

@: flying quickly and evasively, studying 2 skills, quick
A: beak, talons 3, nimble flight, clarity, clumsy 1, screaming 1
}: 3/15 runes: decaying, serpentine, silver
a: Renounce Religion, Heroism, Finesse, Duel


You were on level 4 of the Realm of Zot.
You worshipped Okawaru.
Okawaru was exalted by your worship.
You visited 12 branches of the dungeon, and saw 51 of its levels.
You also visited: Ossuary, Ice Cave and Desolation.

You collected 10190 gold pieces.
You spent 3792 gold pieces at shops.

Inventory:

Hand Weapons
 E - a +9 triple crossbow of draining (weapon)
Armour
 d - the +2 pair of gloves "Sufiuss" (worn) {rCorr Dex+7}
   (You acquired it on level 2 of the Dungeon)

   Dex:       It affects your dexterity (+7).
   rCorr:     It protects you from acid and corrosion.
 q - the +2 pair of gloves of the Lion {rF+++ rC- rCorr Stlth-}
   (Okawaru gifted it to you on level 3 of the Elven Halls)

   rF:        It renders you almost immune to fire.
   rC:        It makes you vulnerable to cold.
   rCorr:     It protects you from acid and corrosion.
   Stlth:     It makes you less stealthy.
 s - the +1 cloak "Boyhuk" (worn) {Dex+2}
   (Okawaru gifted it to you on level 2 of the Realm of Zot)

   Dex:       It affects your dexterity (+2).
 F - a +2 hat (worn)
 H - +5 steam dragon scales (worn)
Jewellery
 p - a ring of ice
 r - a +6 ring of dexterity (right hand)
 A - a ring of see invisible
 I - a ring of protection from cold
 J - a +6 ring of dexterity (left hand)
 N - a ring of protection from fire
 Q - the amulet "Zoafoek" (around neck) {Acrobat rPois Dex+6 Stlth+}
   (You found it in the Desolation of Salt)

   [amulet of the acrobat]

   It increases your evasion while moving and waiting.
   Dex:       It affects your dexterity (+6).
   rPois:     It protects you from poison.
   Stlth:     It makes you more stealthy.
 R - a ring of protection from fire
 S - the ring "Ojef Yry" {Wiz rElec Will+ Stlth-}
   (You found it in the Desolation of Salt)

   [ring of wizardry]

   It improves your spell success rate.
   rElec:     It insulates you from electricity.
   Will:      It increases your willpower.
   Stlth:     It makes you less stealthy.
Wands
 j - a wand of mindburst (28)
Scrolls
 a - 2 scrolls of enchant weapon
 b - 8 scrolls of immolation
 c - 36 scrolls of identify
 f - 18 scrolls of teleportation
 t - 5 scrolls of blinking
 v - 11 scrolls of fog
 z - 7 scrolls of enchant armour
 D - a scroll of silence
 K - 3 scrolls of butterflies
 L - 5 scrolls of poison
 M - 5 scrolls of magic mapping
 O - 4 scrolls of fear
 P - 2 scrolls of brand weapon
Potions
 e - 20 potions of curing
 g - 6 potions of berserk rage
 h - 6 potions of resistance
 i - 6 potions of haste
 k - 10 potions of attraction
 l - 7 potions of invisibility
 m - 2 potions of ambrosia
 n - 13 potions of might
 o - 7 potions of heal wounds
 u - 8 potions of cancellation
 w - 10 potions of mutation
 C - 12 potions of lignification


   Skills:
 * Level 26.9 Fighting
 O Level 27 Ranged Weapons
 * Level 9.0 Armour
 O Level 27 Dodging
 + Level 1.8 Stealth
 + Level 12.0 Invocations


You had 25 spell levels left.
You didn't know any spells.
Your spell library contained the following spells:

 Spells                   Type           Power      Damage    Failure   Level
 Apportation              Tloc           0%         N/A       30%         1
 Beastly Appendage        Tmut           0%         N/A       30%         1
 Freeze                   Ice            0%         1d3       30%         1
 Kiss of Death            Conj/Necr      0%         2d5       30%         1
 Necrotise                Necr           0%         1d4       30%         1
 Sandblast                Erth           0%         2d4       30%         1
 Shock                    Conj/Air       0%         1d3       30%         1
 Slow                     Hex            0%         N/A       30%         1
 Sting                    Tmut/Pois      0%         1d3       30%         1
 Blink                    Tloc           0%         N/A       43%         2
 Cigotuvi's Dreadful Rot  Necr/Pois/Air  0%         N/A       43%         2
 Ensorcelled Hibernation  Hex/Ice        0%         N/A       43%         2
 Momentum Strike          Conj/Tloc      0%         3d8       43%         2
 Passwall                 Tmut/Erth      0%         N/A       43%         2
 Poisonous Vapours        Pois/Air       0%         N/A       43%         2
 Static Discharge         Conj/Air       0%         2-2/arc   43%         2
 Sublimation of Blood     Necr           0%         N/A       43%         2
 Wereblood                Tmut           0%         N/A       43%         2
 Frozen Ramparts          Ice            0%         1d1       67%         3
 Hailstorm                Conj/Ice       0%         3d3       67%         3
 Inner Flame              Hex/Fire       0%         N/A       67%         3
 Lesser Beckoning         Tloc           0%         N/A       67%         3
 Portal Projectile        Hex/Tloc       0%         N/A       67%         3
 Spider Form              Tmut/Pois      0%         N/A       67%         3
 Stone Arrow              Conj/Erth      0%         3d7       67%         3
 Swiftness                Air            0%         N/A       67%         3
 Vampiric Draining        Necr           0%         2d6       67%         3
 Vhi's Electric Charge    Tloc/Air       0%         N/A       67%         3
 Airstrike                Air            0%         2d(0-16)  97%         4
 Dispel Undead            Necr           0%         3d6       97%         4
 Flame Wave               Conj/Fire      0%         2d4       97%         4
 Ice Form                 Ice/Tmut       0%         N/A       97%         4
 Iskenderun's Mystic Bla  Conj/Tloc      0%         2d3       97%         4
 Olgreb's Toxic Radiance  Pois           0%         N/A       97%         4
 Passage of Golubria      Tloc           0%         N/A       97%         4
 Petrify                  Tmut/Erth      0%         N/A       97%         4
 Sticky Flame             Conj/Fire      0%         2d3       97%         4
 Agony                    Necr           0%         N/A       100%        5
 Alistair's Intoxication  Tmut/Pois      0%         N/A       100%        5
 Arcjolt                  Conj/Air       0%         1d10      100%        5
 Blade Hands              Tmut           0%         N/A       100%        5
 Borgnjor's Vile Clutch   Necr/Erth      0%         N/A       100%        5
 Irradiate                Conj/Tmut      0%         3d11      100%        5
 Lightning Bolt           Conj/Air       0%         1d11      100%        5
 Metabolic Englaciation   Hex/Ice        0%         N/A       100%        5
 Yara's Violent Unravell  Hex/Tmut       0%         3d3       100%        5
 Conjure Ball Lightning   Conj/Air       0%         3x3d6     100%        6
 Dispersal                Tloc           0%         N/A       100%        6
 Eringya's Noxious Bog    Tmut/Pois      0%         N/A       100%        6
 Statue Form              Tmut/Erth      0%         N/A       100%        6
 Dragon Form              Tmut           0%         N/A       100%        7
 Ozocubu's Refrigeration  Ice            0%         4d7       100%        7
 Borgnjor's Revivificati  Necr           0%         N/A       100%        8
 Discord                  Hex            0%         N/A       100%        8
 Disjunction              Tloc           0%         N/A       100%        8
 Ignition                 Fire           0%         3d3       100%        8
 Maxwell's Capacitive Co  Air            0%         ∞         100%        8
 Tukima's Dance           Hex            Unusable   N/A       N/A         3
 Animate Armour           Summ/Erth      Unusable   N/A       N/A         4
 Animate Dead             Necr           Unusable   N/A       N/A         4
 Summon Ice Beast         Ice/Summ       Unusable   N/A       N/A         4
 Summon Forest            Summ/Tloc      Unusable   N/A       N/A         5
 Death Channel            Necr           Unusable   N/A       N/A         6
 Simulacrum               Ice/Necr       Unusable   N/A       N/A         6
 Summon Hydra             Summ           Unusable   N/A       N/A         7

Dungeon Overview and Level Annotations

Branches:
Dungeon (15/15)            Temple (1/1) D:4            Lair (5/5) D:8
  Swamp (4/4) Lair:2        Snake (4/4) Lair:3        Slime (0/5) Lair:5
    Orc (2/2) D:9             Elf (3/3) Orc:2        Vaults (5/5) D:13
  Crypt (3/3) Vaults:2       Tomb (0/3) Crypt:3      Depths (4/4) D:15
   Hell (visited)             Zot (4/5) Depths:4    Ossuary (visited)
  IceCv (visited)         Desolation (visited)
    Dis: Hell:1         Geh: Hell:1         Coc: Hell:1         Tar: Hell:1

Altars:
Ashenzari
Dithmenos
Elyvilon
Fedhas
Gozag
Hepliaklqana
Kikubaaqudgha
Makhleb
Nemelex Xobeh
Okawaru
Qazlal
Ru
Sif Muna
Trog
Vehumet
Wu Jian
Xom
Yredelemnul
Zin
The Shining One
Jiyva

Shops:
Orc:1 (   Orc:2 :(!=(   Elf:3 *   Snake:1 =:=   Snake:4 *   Vaults:3 ==
Vaults:5 (!!!   Depths:1 (   Depths:3 *

Portals:
Hell: Depths:1 Depths:2 Depths:3 Depths:4
Abyss: Depths:3
Pandemonium: Depths:2
Ziggurat: Depths:3
Trove: D:12 (give 6 scrolls of blinking)

Annotations:
Vaults:4 1 transporter, Mara
Crypt:1 2 transporters, Titucsi's ghost, adept GrFi
Hell Geryon


Innate Abilities, Weirdness & Mutations

You have a beak for a mouth.
You have claws for feet.
Your magical nature lets you fly swiftly and evasively.
You possess an exceptional clarity of mind.
You are clumsy. (Dex -2)
You occasionally shout uncontrollably at your foes.


Message History

A yellow draconian comes into view. It is wielding a +0 trident of flaming.
A shadow dragon comes into view.
The yellow draconian spits acid at you. The glob of acid misses you.
A moth of wrath comes into view.
The orb of fire emits a lurid red light.
The bolt of fire misses you.
The orb of fire glows deep purple.
Strange energies course through your body.
You feel the urge to shout.
Blink to where?
Press: ? - help, Dir - move target, p - orb of fire
As you read the scroll of blinking, it crumbles to dust.
You see here a potion of brilliance.
Okay, then.
The orb of fire glows bright magenta.
The fireball explodes!
The fireball engulfs you!!!!
The fireball engulfs the orb of fire.
The orb of fire completely resists.
You shoot a bolt. The bolt hits the orb of fire!
The orb of fire is lightly damaged.
The orb of fire glows yellow.
The bolt of fire misses you.
You shoot a bolt. The bolt barely misses the orb of fire.
The orb of fire emits a lurid red light.
The bolt of fire misses you.
You shoot a bolt.
The bolt closely misses the orb of fire.
You shoot a bolt. The bolt hits the orb of fire!
The orb of fire is lightly damaged.
The orb of fire glows yellow.
The fireball explodes!
The fireball engulfs you!!!
* * * LOW HITPOINT WARNING * * *
The fireball engulfs the orb of fire.
The orb of fire completely resists.
You shoot a bolt. The bolt misses the orb of fire.
The orb of fire glows yellow.
Strange energies course through your body.
You feel clumsy.
The orb of fire emits a lurid red light.
The fireball explodes!
The fireball engulfs you!!!!
You die...

#....##.#.#### #.###......#
#.####.# #.###..# ##
#......# #......# .######
#####..########.# ......##
###...# #.##.# ......!#
#.....####....#
.....#.#####.##)*...#.####
.....#.##....##.@.....#
.....#.##...####.#..#######
.....#...>..# #.#.##..^..#
.....##.##### #.#.##.###.#
.....##.########.#[##.....#
#######......!...#.....#..#
################.#..#
#######....# #<.........#


You could see an orb of fire.

Vanquished Creatures
  3 ancient liches
  2 dread liches (Crypt:3)
  Sojobo (Vaults:2)
  Josephina (Vaults:2)
  Margery (Vaults:3)
  Bai Suzhen (Crypt:1)
  Vashnia (Snake:4)
  Saint Roka (Orc:2)
  2 golden dragons
  Jory (Crypt:3)
  Jorgrun (Orc:2)
  An Ice Fiend (IceCv)
  19 tentacled monstrosities
  Asterion (Vaults:2)
  4 liches
  2 titans
  6 quicksilver dragons
  2 deep elf master archers (Elf:3)
  4 deep elf blademasters
  2 acid blobs (Elf:1)
  6 ancient champions
  Gastronok (Lair:3)
  12 death cobs
  Agnes (D:15)
  3 sphinxes
  Donald (Crypt:1)
  11 shadow dragons
  8 storm dragons
  Roxanne (Snake:4)
  The ghost of Cygut the Warrior, an adept VSFi of Gozag (Elf:1)
  10 tengu reavers
  2 revenants
  2 azure jellies (Swamp:4)
  5 nagarajas
  7 fire giants
  8 frost giants
  4 draconian knights
  19 vault wardens
  7 draconian scorchers
  A caustic shrike zombie (Crypt:2)
  Aizul (Snake:1)
  An iron dragon (Vaults:4)
  9 deep elf sorcerers
  A ghost moth (Zot:3)
  An imperial myrmidon (Desolation)
  Louise (Swamp:1)
  A quicksilver ooze (Elf:1)
  4 draconian stormcallers
  3 curse skulls
  4 draconian shifters
  4 deep elf elementalists (Elf:3)
  3 orc warlords
  12 ghouls
  A spriggan defender (Depths:3)
  5 draconian annihilators
  25 ironbound preservers
  A caustic shrike skeleton (Depths:1)
  2 war gargoyles (Vaults:3)
  19 stone giants
  3 eleionomae
  18 very ugly things
  7 black draconians
  5 ironbound thunderhulks
  9 green draconians
  5 vampire knights
  7 deep elf demonologists
  A halazid warlock (Desolation)
  A rockslime zombie (Crypt:3)
  8 deep elf annihilators
  6 purple draconians
  Snorg (Orc:1)
  10 red draconians
  3 bunyips
  8 white draconians
  7 yellow draconians
  3 spark wasps (Depths:3)
  15 dire elephants
  6 deep elf death magi
  2 eidola (Crypt:3)
  6 crystal guardians
  15 ettins
  5 jiangshi
  A quicksilver dragon zombie (Depths:1)
  3 entropy weavers
  2 shambling mangroves
  7 fire dragons
  2 deep elf high priests
  7 ragged hierophants (Desolation)
  9 great orbs of eyes
  9 yaktaur captains
  3 rakshasas (Depths:1)
  A ghost crab (Swamp:1)
  9 peacekeepers
  A servant of whispers (Desolation)
  34 vault guards
  7 hydras
  3 salamander tyrants (Snake:4)
  7 ice dragons
  A merfolk avatar (Lair:5)
  5 ogre magi
  4 anacondas
  9 boulder beetles
  12 centaur warriors
  10 spriggan air magi
  8 ironbound frosthearts
  4 alligators
  A two-headed ogre (shapeshifter) (Vaults:4)
  22 dancing weapons
  13 tengu warriors
  6 death yaks (Lair:4)
  8 two-headed ogres
  7 deep troll shamans
  7 deep troll earth magi
  6 spriggan berserkers
  5 death knights
  11 naga warriors
  10 naga sharpshooters
  4 vampire magi
  Urug (Lair:3)
  7 shock serpents
  A sun demon (Depths:2)
  A shock serpent (shapeshifter) (Vaults:1)
  20 deep elf knights
  9 hell knights
  2 soul eaters (Vaults:2)
  Amaemon (Lair:2)
  A titan skeleton (Depths:1)
  23 skeletal warriors
  7 salamander mystics (Snake:4)
  10 iron trolls
  2 shadow wraiths
  A storm dragon skeleton (Crypt:1)
  A storm dragon zombie (Crypt:1)
  2 goliath frogs (Swamp:2)
  Nergalle (Lair:1)
  9 sea snakes
  64 deep trolls
  A shadow demon (Depths:2)
  2 spriggan druids
  A bunyip skeleton (Crypt:2)
  A golden dragon skeleton (Depths:1)
  3 flayed ghosts
  6 bog bodies
  5 swamp dragons
  3 glowing orange brains
  4 harpies
  9 wizards
  16 phantasmal warriors
  5 naga ritualists
  15 lindwurms
  An obsidian statue (IceCv)
  5 orc knights
  A harpy (shapeshifter) (D:13)
  18 ironbound convokers
  2 stone giant zombies
  36 deep elf pyromancers
  21 deep elf zephyrmancers
  11 mana vipers
  11 necromancers
  31 ugly things
  17 deep elf archers
  11 orc sorcerers
  16 moths of wrath
  An oklob plant (D:14)
  8 cyclopes
  A will-o-the-wisp (Swamp:3)
  4 elephants (Lair:5)
  A manticore (D:15)
  28 salamanders
  A centaur zombie (D:15)
  A frost giant skeleton (Depths:2)
  An iron dragon skeleton (Depths:2)
  2 ice statues (D:15)
  8 naga magi
  10 vault sentinels
  31 black mambas
  A molten gargoyle (Desolation)
  2 eyes of devastation (Elf:1)
  6 guardian serpents
  A torpor snail (Lair:5)
  An alligator snapping turtle zombie (Crypt:1)
  An orange demon (Lair:2)
  A smoke demon (Depths:2)
  16 cane toads
  A catoblepas zombie (Crypt:1)
  A rime drake (Lair:5)
  2 unseen horrors
  27 freezing wraiths
  8 yaktaurs
  A guardian mummy (Crypt:3)
  An anaconda simulacrum (IceCv)
  5 tengu conjurers
  7 ice devils
  11 komodo dragons
  A hellwing (Depths:2)
  6 polar bears
  18 hornets
  4 harpy skeletons
  6 tyrant leeches
  2 bloated husks (Swamp:1)
  8 trolls
  Prince Ribbit (D:7)
  49 saltlings (Desolation)
  12 blink frogs
  An ettin zombie (Crypt:1)
  27 slime creatures
  A slime creature (shapeshifter) (D:15)
  A snapping turtle (Lair:5)
  3 dream sheep (Lair:5)
  An air elemental (Elf:1)
  A fire giant simulacrum (Depths:2)
  2 fire dragon skeletons
  A wind drake zombie (Crypt:3)
  13 spriggans
  A culicivora (Vaults:2)
  2 wyverns
  A black mamba zombie (Crypt:2)
  4 centaur simulacra
  3 water elementals
  11 wraiths
  A dire elephant simulacrum (Crypt:1)
  2 basilisks
  20 yaks
  5 fire elementals
  8 humans (D:13)
  2 steam dragons (D:8)
  5 golden eyes (Elf:1)
  6 redbacks
  3 minotaur simulacra (IceCv)
  An alligator snapping turtle simulacrum (Crypt:1)
  A swamp worm simulacrum (Swamp:4)
  8 vampire mosquitoes
  Menkaure (D:5)
  2 harpy simulacra
  16 swamp worms
  A glowing shapeshifter zombie (Depths:2)
  40 nagas
  5 acid dragons
  2 wargs
  11 water moccasins
  13 hydra simulacra (Swamp:4)
  6 black bears
  2 swamp drakes (Swamp:1)
  An alligator simulacrum (IceCv)
  3 ice beasts
  28 orc warriors
  A sky beast (D:7)
  An ettin simulacrum (IceCv)
  An elephant zombie (Crypt:2)
  A swamp dragon zombie (Crypt:1)
  5 boggarts
  12 ogres
  12 wolves
  7 centaurs
  3 kobold brigands
  2 phantoms
  12 bullfrogs
  3 earth elementals
  A komodo dragon skeleton (Crypt:3)
  2 gnoll sergeants
  3 scorpions
  3 deep troll simulacra (IceCv)
  A draconian zombie (Crypt:1)
  9 necrophages
  2 two-headed ogre simulacra (Lair:4)
  A cyclops zombie (Crypt:3)
  16 wights
  4 killer bees (D:7)
  A raiju zombie (Crypt:1)
  A shapeshifter zombie (Crypt:1)
  A spriggan skeleton (Crypt:3)
  A wolf zombie (Crypt:3)
  3 electric eels (Snake:3)
  3 lindwurm simulacra (IceCv)
  4 howler monkeys
  Crazy Yiuf (D:7)
  4 jellies
  4 gnoll boudas
  6 hounds
  9 orc priests
  A black bear skeleton (Crypt:2)
  43 orc wizards
  2 basilisk skeletons
  4 iguanas
  6 hell rats (Lair:1)
  5 spriggan simulacra
  A tengu zombie (Crypt:2)
  14 mummies
  35 gnolls
  A naga simulacrum (Lair:4)
  7 adders
  A howler monkey skeleton (Crypt:2)
  2 shadow imps
  2 white imps
  6 swamp drake simulacra (Swamp:4)
  An ufetubus (D:6)
  2 iguana skeletons (Crypt:3)
  A worm (D:4)
  3 dart slugs
  68 orcs
  5 endoplasms
  5 giant cockroaches
  A gnoll zombie (Crypt:3)
  31 goblins
  31 hobgoblins
  20 kobolds
  4 quokkas
  3 training dummies (Orc:1)
  3 ball pythons
  4 frilled lizards
  A frilled lizard zombie (Crypt:2)
  5 gnoll skeletons (Ossuary)
  A goblin zombie (Crypt:2)
  9 kobold skeletons
  A kobold zombie (D:4)
  12 orc skeletons (Ossuary)
  An orc zombie (D:4)
  A quokka skeleton (Crypt:2)
  3 rats
  A plant (D:14)
2138 creatures vanquished.

Vanquished Creatures (others)
  A yaktaur captain (Vaults:5)
  A vault guard (D:13)
  A hydra (Swamp:3)
  A flayed ghost (Vaults:5)
  A deep elf archer (Elf:3)
  A hornet (Swamp:4)
  A spriggan (Swamp:4)
  A swamp worm (Swamp:4)
  8 foxfires (Swamp:3)
  83 fungi
  131 plants
230 creatures vanquished.

Grand Total: 2368 creatures vanquished

Notes
Turn   | Place    | Note
-------+----------+-------------------------------------------
     0 | D:1      | HoaS the Tengu Hunter began the quest for the Orb.
     0 | D:1      | Reached XP level 1. HP: 12/12 MP: 2/2
    90 | D:1      | Reached XP level 2. HP: 17/17 MP: 3/3
   229 | D:1      | Reached skill level 5 in Ranged Weapons
   573 | D:1      | Found a faded altar of an unknown god.
   872 | D:2      | Identified a scroll of acquirement
   872 | D:2      | Acquired the +2 pair of gloves "Sufiuss" {rCorr Dex+7}
  1143 | D:2      | Reached XP level 3. HP: 21/21 MP: 4/4
  1162 | D:2      | Identified the +9 whip "Sigotown" {antimagic, Str+4}
  1561 | D:3      | Found a bloodstained altar of Trog.
  1602 | D:3      | Reached XP level 4. HP: 26/26 MP: 5/5
  2155 | D:4      | Found a sand-covered staircase.
  2161 | Ossuary  | Entered an ossuary
  2161 | Ossuary  | Noticed a wraith
  2161 | Ossuary  | Noticed a wraith
  2161 | Ossuary  | Noticed a wraith
  2233 | Ossuary  | Noticed a wraith
  2264 | Ossuary  | Killed a wraith
  2265 | Ossuary  | Gained mutation: Your magical nature lets you fly swiftly
                  | and evasively. [Tengu growth]
  2265 | Ossuary  | Reached XP level 5. HP: 30/30 MP: 6/6
  2265 | Ossuary  | Reached XP level 6. HP: 35/35 MP: 7/7
  2962 | D:4      | Reached XP level 7. HP: 40/40 MP: 8/8
  3052 | D:4      | Found a staircase to the Ecumenical Temple.
  3207 | Temple   | Entered the Ecumenical Temple
  3211 | Temple   | Became a worshipper of Warmaster Okawaru
  3502 | D:5      | Entered Level 5 of the Dungeon
  3560 | D:5      | Noticed Menkaure
  3585 | D:5      | Reached skill level 1 in Invocations
  4187 | D:5      | Found a radiant altar of Vehumet.
  4340 | D:5      | Reached skill level 10 in Ranged Weapons
  4490 | D:5      | Found an ancient bone altar of Kikubaaqudgha.
  4493 | D:5      | Reached * piety under Okawaru
  4494 | D:5      | Reached XP level 8. HP: 35/44 MP: 10/10
  4574 | D:5      | Got Kikubaaqudgha's Book of Misery
  4580 | D:5      | Found a shimmering blue altar of Sif Muna.
  5013 | D:5      | Killed Menkaure
  5408 | D:6      | Reached ** piety under Okawaru
  5626 | D:6      | Reached XP level 9. HP: 32/48 MP: 12/12
  5988 | D:7      | Noticed a green ugly thing
  6038 | D:8      | Found a hazy altar of Hepliaklqana.
  6200 | D:7      | Killed a green ugly thing
  6200 | D:7      | Reached *** piety under Okawaru
  6466 | D:7      | Reached XP level 10. HP: 48/53 MP: 13/13
  6493 | D:7      | Reached skill level 15 in Ranged Weapons
  6783 | D:7      | Noticed Prince Ribbit
  6797 | D:7      | Killed Prince Ribbit
  6797 | D:7      | Reached **** piety under Okawaru
  7029 | D:7      | Found a runed translucent door.
  7030 | D:7      | Noticed Crazy Yiuf
  7135 | D:7      | Killed Crazy Yiuf
  7135 | D:7      | Received a gift from Okawaru
  7563 | D:8      | Found a broken altar of Ashenzari.
  7584 | D:8      | Noticed a two-headed ogre
  7589 | D:8      | Killed a two-headed ogre
  7866 | D:8      | Reached ***** piety under Okawaru
  7892 | D:8      | Identified the +0 chain mail "Totylivo" {rF+} (Okawaru
                  | gifted it to you on level 8 of the Dungeon)
  7892 | D:8      | Received a gift from Okawaru
  8053 | D:8      | Reached XP level 11. HP: 62/62 MP: 15/15
  8056 | D:8      | Found a staircase to the Lair.
  8064 | D:8      | Reached skill level 5 in Dodging
  8515 | D:9      | Reached skill level 5 in Invocations
  8700 | D:9      | Reached skill level 5 in Fighting
  8803 | D:9      | Found a staircase to the Orcish Mines.
  9246 | Lair:1   | Entered Level 1 of the Lair of Beasts
  9395 | Lair:1   | Noticed Nergalle
  9409 | Lair:1   | Killed Nergalle
 10104 | Lair:2   | Noticed a boulder beetle
 10311 | Lair:2   | Noticed Amaemon
 10322 | Lair:2   | Killed Amaemon
 10327 | Lair:2   | Reached XP level 12. HP: 72/72 MP: 10/18
 10360 | Lair:2   | Identified the +1 robe "Nytweo" {Will+} (Okawaru gifted it
                  | to you on level 2 of the Lair of Beasts)
 10360 | Lair:2   | Received a gift from Okawaru
 10362 | Lair:2   | Found a staircase to the Swamp.
 10455 | Lair:2   | Killed a boulder beetle
 11230 | Lair:3   | Found a staircase to the Snake Pit.
 11233 | Lair:3   | Noticed Gastronok
 11246 | Lair:3   | Killed Gastronok
 11309 | Lair:3   | Noticed Urug
 11318 | Lair:3   | Killed Urug
 11697 | Lair:3   | Identified the ring "Ogelair" {Fly Dex+3}
 12115 | Lair:4   | Noticed a death yak
 12115 | Lair:4   | Noticed a death yak
 12133 | Lair:4   | Killed a death yak
 12156 | Lair:4   | You are sucked into a shaft and drop 1 floor!
 12156 | Lair:5   | Entered Level 5 of the Lair of Beasts
 12198 | Lair:5   | Reached skill level 10 in Dodging
 12198 | Lair:5   | Reached ****** piety under Okawaru
 12242 | Lair:5   | Noticed a merfolk avatar
 12246 | Lair:5   | Reached XP level 13. HP: 80/80 MP: 20/20
 12295 | Lair:5   | Received a gift from Okawaru
 12681 | Lair:5   | Found a runed translucent door.
 12681 | Lair:5   | Found a viscous altar of Jiyva.
 12683 | Lair:5   | Found a staircase to the Slime Pits.
 12853 | Lair:5   | Received a gift from Okawaru
 13772 | Lair:4   | Reached skill level 10 in Fighting
 13981 | Lair:4   | Reached XP level 14. HP: 88/88 MP: 22/22
 14034 | Lair:4   | Received a gift from Okawaru
 14763 | D:10     | Entered Level 10 of the Dungeon
 14803 | D:9      | Received a gift from Okawaru
 15142 | D:10     | Found a faded altar of an unknown god.
 15142 | D:10     | Found a sacrificial altar of Ru.
 15148 | D:10     | Found a faded altar of an unknown god.
 15150 | D:10     | Found an ornate altar of the Wu Jian Council.
 15152 | D:10     | Found a sparkling altar of Nemelex Xobeh.
 15520 | D:10     | Found a white marble altar of Elyvilon.
 15847 | D:11     | Found the +7 Singing Sword {vorpal, sonic wave}
 15895 | D:11     | Identified the +0 buckler of Divine Compulsion {Harm
                  | Stlth+}
 16504 | D:12     | Identified the +5 ring mail of Dim Light {Str+4}
 16643 | D:12     | Identified the +12 rapier of Quantum Leap {drain, +Blink
                  | rF+++ rC+ Int-4} (Okawaru gifted it to you on level 12 of
                  | the Dungeon)
 16643 | D:12     | Received a gift from Okawaru
 16650 | D:12     | Found a portal to a secret trove of treasure.
 16838 | Orc:1    | Entered Level 1 of the Orcish Mines
 16889 | Orc:1    | Noticed an orc warlord
 16908 | D:9      | Killed an orc warlord
 17201 | Orc:1    | Found Soavaps's Firing Range.
 17410 | Orc:2    | Entered Level 2 of the Orcish Mines
 17531 | Orc:2    | Found a staircase to the Elven Halls.
 17562 | Orc:2    | Found Cousaol's Antique Weapon Shop.
 17676 | Orc:2    | Noticed Snorg
 17686 | Orc:1    | Killed Snorg
 17798 | Orc:2    | Noticed Saint Roka
 17841 | Orc:2    | Killed Saint Roka
 17841 | Orc:2    | Received a gift from Okawaru
 18214 | Orc:2    | Paralysed by an orc sorcerer for 5 turns
 18343 | Orc:2    | Found an ancient bone altar of Kikubaaqudgha.
 18350 | Orc:2    | Noticed Jorgrun
 18549 | Orc:2    | Killed Jorgrun
 18570 | Orc:2    | Reached XP level 15. HP: 86/97 MP: 18/23
 18583 | Orc:2    | Found a radiant altar of Vehumet.
 18586 | Orc:2    | Received a gift from Okawaru
 18595 | Orc:2    | Found Syuxurpho's Distillery.
 18603 | Orc:2    | Bought a potion of heal wounds for 85 gold pieces
 18608 | Orc:2    | Bought a potion of curing for 51 gold pieces
 18628 | Orc:2    | Found Qeojygan's Book Emporium.
 18639 | Orc:2    | Found Vilyotum's Antique Weapon Emporium.
 18647 | Orc:2    | Found Bekonops's Jewellery Shoppe.
 18657 | Orc:2    | Bought a +6 ring of dexterity for 576 gold pieces
 18657 | Orc:2    | Bought the amulet of Fetonure {RegenMP rPois rC- Dex+4
                  | Slay+5} for 1017 gold pieces
 19808 | D:13     | Found a gate to the Vaults.
 19999 | D:14     | Received a gift from Okawaru
 20081 | D:14     | Reached skill level 15 in Dodging
 20325 | D:14     | Found a blossoming altar of Fedhas.
 20666 | D:15     | Entered Level 15 of the Dungeon
 20681 | D:15     | Found a frozen archway.
 20978 | IceCv    | Entered an ice cave
 21014 | IceCv    | Received a gift from Okawaru
 21302 | IceCv    | Noticed an Ice Fiend
 21305 | IceCv    | Killed an Ice Fiend
 21455 | D:15     | Found a broken altar of Ashenzari.
 21478 | D:15     | Identified the +6 longbow of Wounding {vorpal, +Blink Str-2
                  | Int+5} (Okawaru gifted it to you on level 15 of the
                  | Dungeon)
 21478 | D:15     | Received a gift from Okawaru
 21482 | D:15     | Reached skill level 15 in Fighting
 21482 | D:15     | Reached XP level 16. HP: 82/108 MP: 24/24
 21509 | D:15     | Found a shimmering altar of Xom.
 21548 | D:15     | Noticed Agnes
 21557 | D:15     | Killed Agnes
 21740 | D:15     | Found a glowing silver altar of Zin.
 22217 | D:15     | Identified the +1 shortbow of Immorality {freeze, Dex+5}
                  | (Okawaru gifted it to you on level 15 of the Dungeon)
 22217 | D:15     | Received a gift from Okawaru
 22223 | D:15     | Found a staircase to the Depths.
 22279 | D:15     | Found a glowing golden altar of the Shining One.
 22610 | Swamp:1  | Entered Level 1 of the Swamp
 22856 | Swamp:1  | Noticed Louise
 22864 | Swamp:1  | Killed Louise
 23057 | Swamp:1  | Identified the +7 arbalest of Upheaval {drain, Str+4}
                  | (Okawaru gifted it to you on level 1 of the Swamp)
 23057 | Swamp:1  | Received a gift from Okawaru
 23268 | Swamp:2  | Identified the +0 pair of boots of the Stars {Dex+4}
 24072 | Swamp:3  | Identified the +1 chain mail of Imperfection {rF- rN+
                  | Slay+2} (Okawaru gifted it to you on level 3 of the Swamp)
 24072 | Swamp:3  | Received a gift from Okawaru
 24604 | Swamp:4  | Entered Level 4 of the Swamp
 24624 | Swamp:4  | Reached XP level 17. HP: 117/117 MP: 25/25
 25668 | Swamp:4  | Got a decaying rune of Zot
 25917 | Snake:1  | Entered Level 1 of the Snake Pit
 26086 | Snake:1  | Identified the +5 crystal plate armour of Moekelaa {Drain
                  | rElec rF+ Dex+2} (Okawaru gifted it to you on level 1 of
                  | the Snake Pit)
 26086 | Snake:1  | Received a gift from Okawaru
 26136 | Snake:1  | Noticed Aizul
 26141 | Snake:1  | Killed Aizul
 26667 | Snake:1  | Identified the +7 shortbow of Istio {elec, Fragile rC+
                  | Dex+8}
 26846 | Snake:1  | Found Uqireik's Book Shoppe.
 26847 | Snake:1  | Found Ritimout's Jewellery Shop.
 26847 | Snake:1  | Found Kimm's Jewellery Shop.
 26853 | Snake:1  | Bought a ring of see invisible for 210 gold pieces
 28363 | Snake:3  | Reached XP level 18. HP: 123/125 MP: 26/26
 28669 | Snake:4  | Entered Level 4 of the Snake Pit
 28708 | Snake:4  | Found Pofysega's Assorted Antiques.
 28734 | Snake:4  | Acquired 892 gold pieces
 28829 | Snake:4  | Noticed Vashnia
 28838 | Snake:4  | Killed Vashnia
 28840 | Snake:4  | Received a gift from Okawaru
 29052 | Snake:4  | Got a serpentine rune of Zot
 29104 | Snake:4  | Identified Roxanne's Book of Transfiguration
 29104 | Snake:4  | Noticed Roxanne
 29254 | Snake:4  | Killed Roxanne
 29550 | Snake:4  | Got Sif Muna's Monograph on Execration and Accompaniment
 30188 | Vaults:1 | Entered Level 1 of the Vaults
 30192 | D:13     | Received a gift from Okawaru
 30599 | Vaults:1 | Reached XP level 19. HP: 71/132 MP: 22/27
 30606 | Vaults:1 | Identified the +0 plate armour of Least Resistance {rC+}
                  | (Okawaru gifted it to you on level 1 of the Vaults)
 30606 | Vaults:1 | Received a gift from Okawaru
 32303 | Vaults:2 | Identified the +2 kite shield of Mojedod {rN++ Regen+ Str-4
                  | Int+4} (Okawaru gifted it to you on level 2 of the Vaults)
 32303 | Vaults:2 | Received a gift from Okawaru
 32305 | Vaults:2 | Noticed Sojobo
 32332 | Vaults:2 | Killed Sojobo
 32540 | Vaults:2 | Found a staircase to the Crypt.
 32696 | Vaults:2 | Noticed Asterion
 32702 | Vaults:2 | Killed Asterion
 32750 | Vaults:2 | Reached XP level 20. HP: 139/140 MP: 28/28
 32805 | Vaults:2 | Acquired 898 gold pieces
 32924 | Vaults:3 | Found Exaenyept's Jewellery Shoppe.
 33611 | Vaults:3 | Received a gift from Okawaru
 33716 | Vaults:3 | Noticed Margery
 33741 | Vaults:3 | Killed Margery
 33828 | Vaults:3 | Received a gift from Okawaru
 34140 | Vaults:3 | Found Baekeg's Jewellery Emporium.
 34217 | Vaults:4 | Identified the +2 chain mail of Acez {rC+ rCorr MP+9}
                  | (Okawaru gifted it to you on level 4 of the Vaults)
 34217 | Vaults:4 | Received a gift from Okawaru
 34261 | Vaults:4 | Found a crumbling gateway.
 34267 | Desolati | Entered the Desolation of Salt
 34497 | Desolati | Identified the amulet "Zoafoek" {Acrobat rPois Dex+6
                  | Stlth+}
 34515 | Desolati | Identified the +0 robe "Ramecudi" {Regen+ Dex+3 Stlth+}
 34517 | Desolati | Identified the +3 robe of Ludyip {rPois Will+ Int-2}
 34531 | Desolati | Identified the +4 rapier of Sudden Death {flame, rElec
                  | Int-3 SInv}
 34583 | Desolati | Found the +10 zealot's sword {holy, *Rage rN+ EV+3}
 34604 | Desolati | Identified the +6 trident of Ignis's Displeasure {flame,
                  | MP+9 Dex+5}
 34617 | Desolati | Reached XP level 21. HP: 151/151 MP: 29/29
 34771 | Desolati | Found the +3 pair of seven-league boots {Rampage+∞}
 34779 | Desolati | Identified the ring "Ojef Yry" {Wiz rElec Will+ Stlth-}
 34805 | Desolati | Identified the +2 troll leather armour of Context {Rampage
                  | Regen+ Dex+4}
 34812 | Desolati | Identified the +4 dagger of Meisyr {vorpal, Str+7}
 35559 | Vaults:4 | Identified the +0 scale mail of the Orcish Mines {rF- Int+4
                  | Stlth+}
 35709 | Vaults:4 | Identified the +2 pair of gloves of the Big Bang {Harm
                  | Int+2 Dex-2} (Okawaru gifted it to you on level 4 of the
                  | Vaults)
 35709 | Vaults:4 | Received a gift from Okawaru
 36025 | Vaults:4 | Noticed a dread lich
 36060 | Vaults:4 | Noticed an ancient lich
 36064 | Vaults:4 | Found a transporter.
 36065 | Vaults:4 | Found a radiant altar of Vehumet.
 36073 | Vaults:4 | Noticed Mara
 36392 | Depths:1 | Entered Level 1 of the Depths
 36752 | Depths:1 | Found Wedyof's Antique Weapon Shoppe.
 37066 | Depths:1 | Identified the +1 scale mail of the Earth {-Tele rC- rN+++
                  | Dex+2}
 37331 | Depths:1 | Found a gateway to Hell.
 37488 | Depths:2 | Received a gift from Okawaru
 37510 | Depths:2 | Reached XP level 22. HP: 156/156 MP: 30/30
 37706 | Elf:1    | Entered Level 1 of the Elven Halls
 38052 | Elf:1    | Found a huge runed translucent gate.
 38052 | Elf:1    | Found a huge runed translucent gate.
 38052 | Elf:1    | Found a huge runed translucent gate.
 38052 | Elf:1    | Found a huge runed translucent gate.
 38052 | Elf:1    | Found a huge runed translucent gate.
 38053 | Elf:1    | Found a huge runed translucent gate.
 38053 | Elf:1    | Found a huge runed translucent gate.
 38054 | Elf:1    | Found a huge runed translucent gate.
 38057 | Elf:1    | Identified the +6 double sword of Eternal Vigilance
                  | {vorpal, Stlth+}
 38128 | Elf:1    | Found a runed translucent gate.
 38128 | Elf:1    | Found a runed translucent gate.
 38128 | Elf:1    | Found a runed translucent gate.
 38129 | Elf:1    | Noticed Cygut's ghost (adept VSFi)
 38132 | Elf:1    | Found a viscous altar of Jiyva.
 38297 | Elf:1    | HP: 7/156 [deep elf blademaster/the +6 double sword of
                  | Eternal Vigilance {vorpal, Stlth+} (13)]
 38578 | Elf:2    | Received a gift from Okawaru
 38789 | Elf:2    | Found a runed translucent gate.
 38790 | Elf:2    | Found a runed translucent gate.
 38790 | Elf:2    | Found a runed translucent gate.
 38886 | Elf:2    | Identified the +1 helmet "Buaciu" {-Tele Harm Will- rCorr
                  | Int+9}
 39336 | Elf:2    | Received a gift from Okawaru
 39705 | Depths:2 | Found a one-way gate leading to the halls of Pandemonium.
 40711 | Depths:3 | Found a one-way gateway to a ziggurat.
 40730 | Depths:3 | Found a one-way gate to the infinite horrors of the Abyss.
 40814 | Depths:3 | Found a white marble altar of Elyvilon.
 40931 | Depths:3 | Found Liuqodog's Fire Supplies.
 41080 | Depths:3 | You are sucked into a shaft and drop 1 floor!
 41080 | Depths:4 | Entered Level 4 of the Depths
 41106 | Depths:4 | Reached XP level 23. HP: 162/164 MP: 31/31
 41111 | Depths:4 | Received a gift from Okawaru
 41111 | Depths:4 | Found the +6 arbalest "Damnation" {damnation}
 41156 | Depths:4 | Acquired 444 gold pieces
 41556 | Depths:4 | Found a gate to the Realm of Zot.
 41556 | Depths:4 | Noticed a golden dragon
 41558 | Depths:4 | Killed a golden dragon
 41564 | Depths:4 | Received a gift from Okawaru
 42222 | Depths:4 | Acquired 1033 gold pieces
 42566 | Elf:1    | Killed Cygut's ghost
 43165 | Vaults:5 | Entered Level 5 of the Vaults
 43193 | Vaults:4 | Received a gift from Okawaru
 43392 | Vaults:5 | Noticed an ancient lich
 43417 | Vaults:4 | Killed an ancient lich
 43930 | Vaults:5 | Paralysed by a sphinx for 5 turns
 43938 | Vaults:4 | Identified the +0 hat of Okawaru's Inspiration {rN+ Int+2}
                  | (Okawaru gifted it to you on level 4 of the Vaults)
 43938 | Vaults:4 | Received a gift from Okawaru
 44442 | Vaults:5 | Identified the +7 war axe of Weloplil {vorpal, Str+4}
 44549 | Vaults:4 | Reached XP level 24. HP: 168/174 MP: 31/31
 45551 | Vaults:5 | Got a silver rune of Zot
 45624 | Vaults:5 | Found the +2 Maxwell's thermic engine {flame, freeze}
 45822 | Vaults:5 | Received a gift from Okawaru
 45965 | Vaults:5 | Identified the ring of Absolutism {*Corrode Fly Int+2 SInv}
 45994 | Vaults:5 | Noticed an ancient lich
 46000 | Vaults:5 | Killed an ancient lich
 46001 | Vaults:5 | Found Hemynidi's Antique Weapon Shoppe.
 46484 | Vaults:5 | Noticed an ancient lich
 46505 | Vaults:5 | Killed an ancient lich
 46552 | Vaults:5 | Found Xezihy's Distillery.
 46558 | Vaults:5 | Bought a potion of might for 72 gold pieces
 46558 | Vaults:5 | Bought a potion of invisibility for 144 gold pieces
 46558 | Vaults:5 | Bought a potion of might for 72 gold pieces
 46558 | Vaults:5 | Bought a potion of invisibility for 144 gold pieces
 46558 | Vaults:5 | Bought a potion of heal wounds for 90 gold pieces
 46636 | Vaults:5 | Found Jourheonu's Distillery.
 46637 | Vaults:5 | Found Pisaquf's Distillery.
 46641 | Vaults:5 | Bought a potion of mutation for 152 gold pieces
 46641 | Vaults:5 | Bought a potion of haste for 190 gold pieces
 46641 | Vaults:5 | Bought 2 potions of haste for 380 gold pieces
 46645 | Vaults:5 | Bought a potion of heal wounds for 90 gold pieces
 46645 | Vaults:5 | Bought a potion of heal wounds for 90 gold pieces
 46645 | Vaults:5 | Bought a potion of heal wounds for 90 gold pieces
 46645 | Vaults:5 | Bought 2 potions of curing for 108 gold pieces
 46714 | Vaults:5 | Identified the +6 plate armour of Oblivion {+Blink rF-
                  | Dex+4 Stlth+}
 47213 | Zot:1    | Entered Level 1 of the Realm of Zot
 47880 | Elf:3    | Entered Level 3 of the Elven Halls
 48112 | Elf:3    | Found Hiusumum's General Store.
 48122 | Elf:3    | Bought 2 potions of curing for 126 gold pieces
 48122 | Elf:3    | Bought a potion of heal wounds for 105 gold pieces
 48338 | Elf:3    | Identified the +0 chain mail of Tempters {+Inv rCorr Str-4
                  | Int-3}
 48380 | Elf:3    | Identified the ring of the Garden {Fly rF+ rC+ Str+2 Dex+3
                  | SInv}
 48649 | Elf:3    | Identified the +2 pair of gloves of the Lion {rF+++ rC-
                  | rCorr Stlth-} (Okawaru gifted it to you on level 3 of the
                  | Elven Halls)
 48649 | Elf:3    | Received a gift from Okawaru
 48688 | Elf:3    | Identified the +1 spear of Yxelam {freeze, *Rage rF+ Int+4
                  | Stlth+}
 48691 | Elf:3    | Reached XP level 25. HP: 177/184 MP: 31/31
 48724 | Elf:3    | Reached skill level 1 in Armour
 48785 | Elf:3    | Identified the +1 ring mail of Amelioration {Int+2}
 48791 | Elf:3    | Got Kyfaj's Anthology of the Voyage
 48796 | Elf:3    | Identified the +0 scale mail "Wehada" {Fly rF++ Will+
                  | Dex-3}
 49678 | Crypt:1  | Entered Level 1 of the Crypt
 49843 | Crypt:1  | Identified the ring of the Evil One {Ice rN+ Stlth+}
 49843 | Crypt:1  | Noticed Josephina
 49863 | Vaults:2 | Killed Josephina
 50234 | Crypt:1  | Identified the +1 mace "Moeninn" {vorpal, Int+2}
 50278 | Crypt:1  | Found a magical portal.
 50323 | Crypt:1  | Reached skill level 10 in Invocations
 50360 | Crypt:1  | Noticed Bai Suzhen
 50364 | Crypt:1  | Killed Bai Suzhen
 50527 | Crypt:1  | Noticed Donald
 50531 | Crypt:1  | Killed Donald
 50556 | Crypt:1  | Found a transporter.
 50558 | Crypt:1  | Noticed Titucsi's ghost (adept GrFi)
 50560 | Crypt:1  | Found a transporter.
 50751 | Crypt:1  | Identified the ring "Vugeun Syona" {Ice MP+9 Str+4}
 51187 | Crypt:2  | Identified the +4 bardiche of Jera {drain, Str+4} (Okawaru
                  | gifted it to you on level 2 of the Crypt)
 51187 | Crypt:2  | Received a gift from Okawaru
 51871 | Crypt:3  | Entered Level 3 of the Crypt
 51871 | Crypt:3  | Noticed Jory
 51873 | Crypt:3  | Killed Jory
 51882 | Crypt:3  | Reached skill level 5 in Armour
 52557 | Crypt:3  | Noticed a dread lich
 52558 | Crypt:3  | Noticed a dread lich
 52663 | Crypt:3  | Found a staircase to the Tomb.
 53091 | Crypt:3  | Identified the +5 broad axe "Yraynoe" {freeze, Str+6}
 53092 | Crypt:3  | Identified the +1 pair of boots of the Moon {Str+4}
 53107 | Crypt:3  | Killed a dread lich
 53121 | Crypt:3  | Killed a dread lich
 53121 | Crypt:3  | Received a gift from Okawaru
 53150 | Crypt:3  | Identified the ring "Xewky" {rF- rN+ Int+5}
 53150 | Crypt:3  | Identified the ring "Zerhoint" {rElec rN+ Str+4 Int+3
                  | Dex-3}
 53156 | Crypt:3  | Got the Tractate on Dark Arts
 53791 | Hell     | Entered the Vestibule of Hell
 53791 | Hell     | Noticed Geryon
 54188 | Depths:4 | Received a gift from Okawaru
 54872 | Zot:1    | Reached XP level 26. HP: 192/192 MP: 32/32
 55912 | Zot:2    | Identified the +1 cloak "Boyhuk" {Dex+2} (Okawaru gifted it
                  | to you on level 2 of the Realm of Zot)
 55912 | Zot:2    | Received a gift from Okawaru
 56987 | Zot:3    | Reached skill level 27 in Ranged Weapons
 57018 | Zot:3    | Reached skill level 27 in Dodging
 57021 | Zot:3    | Identified the +8 trident of the Oily God {drain, Will+
                  | Int+4}
 57772 | Zot:4    | Noticed an orb of fire
 57775 | Zot:4    | Gained mutation: You possess an exceptional clarity of
                  | mind. [an orb of fire]
 57784 | Zot:4    | Gained mutation: You occasionally shout uncontrollably at
                  | your foes. [an orb of fire]
 57810 | Zot:4    | Gained mutation: You are clumsy. (Dex -2) [an orb of fire]
 57810 | Zot:4    | Killed from afar by an orb of fire

Illustrated notes

Levels and vault maps discovered:
D:1:      lemuel_arrival_broad_hall, layout_basic,
          shapermc_ecumenical_altar_mp_vishouse, chequers_serial_rivers_large_a
D:2:      layout_loops_ring
D:3:      layout_loops_cross, trog_book, hangedman_abyss_or_decor_stabs
D:4:      layout_gridville, minmay_temple_entry_drinking_statues,
          nicolae_ossuary_entry_giza, fountainhead, serial_bayou_lagoon_a,
          roderic_roman_lattice
D:5:      minmay_goblin_kobold_castle, layout_basic,
          palyth_temple_overflow_mages, uniq_menkaure
D:6:      layout_loops_ring, serial_bayou, serial_bayou_pond_e,
          serial_bayou_pond_b, serial_bayou_pond_b, serial_bayou_shore_b,
          serial_bayou_pond_d, serial_bayou_pond_c
D:7:      hellmonk_ruined_rings, layout_loops_cross, uniq_prince_ribbit1,
          uniq_crazy_yiuf_cottage
D:8:      layout_rooms, mainiacjoe_overflow_paths,
          worldfamousw_hep_ancestral_shrine, due_lair_maze_entry_diamond,
          minivault_25, minmay_alternating_orb
D:9:      layout_basic, orc_0_dummy
D:10:     layout_layer_cave, chequers_temple_overflow_minitemple,
          mainiacjoe_overflow_cross_hatched
D:11:     layout_roguey
D:12:     layout_cross, serial_rivers, chequers_serial_rivers_large_b,
          chequers_serial_rivers_room_a, chequers_serial_rivers_small_a,
          chequers_serial_rivers_micro_b, enter_trove_5
D:13:     layout_loops_cross, ximxim_vaults_locker_room
D:14:     layout_roguey, tgw_fedhas
D:15:     grunt_enter_depths_magical_seal, layout_irregular_city,
          xom_teletrap_fun, portal_ice_cave_entry_ice_statue_two,
          hangedman_feature_mirror, tso_oasis_becter, uniq_agnes
Temple:   nicolae_temple_x_marks_the_god
Lair:1:   layout_chaotic_city, minmay_hedge_maze, uniq_nergalle
Lair:2:   layout_cave_pods, skrybe_swamp_entry_bodies, serial_bayou_pond_e,
          grunt_megastairs_5, serial_bayou_shore_b, uniq_amaemon
Lair:3:   layout_cave_pods, dummy_snake_entry, roderic_carrion_pond,
          lemuel_fruit_tree, grunt_megastairs_4, uniq_urug, uniq_gastronok
Lair:4:   dreamdust_isle_of_ice, layout_regular_city,
          grunt_forest_small_clearing_treed
Lair:5:   gammafunk_lair_ancient_temple, layout_layer_cave, slime_entry_2,
          st_stairs_9, dreamdust_gnoll_shepherd
Swamp:1:  layout_falls_marsh, nicolae_swamp_tree_designs, swamp_pool4,
          uniq_louise
Swamp:2:  layout_basic_swamp, evilmike_swamp_ruin_house_4
Swamp:3:  layout_basic_swamp, serial_swamp_ruin, evilmike_swamp_ruin_rubble_2,
          evilmike_swamp_ruin_house_1
Swamp:4:  swamp_icy, layout_basic_swamp, swamp_pool3
Snake:1:  layout_chambers, grunt_megastairs_2, minmay_shop_grove, uniq_aizul
Snake:2:  layout_grid_maze
Snake:3:  layout_gridlike, serial_bayou, serial_bayou_ford_a,
          serial_bayou_shore_a, serial_bayou_pond_c, serial_bayou_crossing,
          minmay_snake_pond
Snake:4:  johnstein_snake_rune_scales, layout_concentric_octagons, serial_shops,
          shop, nicolae_snake_guarding_the_ruins, serial_bayou_shore_b,
          uniq_vashnia, uniq_roxanne
Orc:1:    layout_diamond_mine, nicolae_shop_firing_range
Orc:2:    kennysheep_orc_mage_school, layout_caves, serial_shops,
          nicolae_square_shop, basic_altar, uniq_snorg, uniq_saint_roka,
          uniq_jorgrun
Elf:1:    minmay_elf_arrival_circle, layout_rooms, gammafunk_ghost_ooze,
          kennysheep_underground_church,
          nicolae_elf_double_double_double_trouble
Elf:2:    nicolae_elf_blades_crystal_corner, layout_loops_corners
Elf:3:    grunt_elf_hall_spiral, layout_loops_ring, serial_shops, shop,
          fake_guardian_serpent_vault
Vaults:1: dpeg_vaults_monster_box, grunt_vaults_swirl,
          nicolae_vaults_specimen_jars, hangedman_vaults_variations, v_misc_9,
          nicolae_vaults_sealed_display, ontoclasm_vaults_loading_screen,
          ontoclasm_vaults_gallery, nicolae_vaults_shelves_hall,
          vaults_mumra_hex, v_alt_pattern_3, layout_vaults_big_room
Vaults:2: nicolae_vaults_murderbox, ontoclasm_vaults_loading_screen,
          minmay_crypt_entry_simple_corners, v_pattern_4, v_misc_8,
          vaults_room_grid, hangedman_vaults_stretched_pinwheel,
          ontoclasm_vaults_ring_square, v_misc_25, vaults_room_pools,
          ontoclasm_vaults_chip, v_misc_22, v_misc_11,
          nicolae_vaults_mini_display_case, layout_vaults_omnicross,
          uniq_asterion, uniq_sojobo
Vaults:3: v_misc_3, st_eye, vaults_dpeg_doors, v_rooms_4,
          ontoclasm_vaults_decontamination, v_misc_25,
          nicolae_vaults_little_squares_6, ontoclasm_vaults_chip,
          dpeg_vaults_monster_row, layout_vaults_omnibox, serial_shops, shop,
          shop, uniq_margery
Vaults:4: portal_desolation_entry_ruin, nicolae_vaults_gold_heap,
          gammafunk_sealed_library, hangedman_vaults_stretched_pinwheel,
          grunt_vaults_twisty, grunt_vaults_bifocal,
          nicolae_vaults_yaktaur_gun_rack, vaults_room_corners,
          layout_vaults_maze_snakey, uniq_mara
Vaults:5: serial_shops
Crypt:1:  layout_gridlike, gammafunk_ghost_mausoleum, mu_enter_wizlab_7,
          uniq_donald, uniq_josephina, uniq_bai_suzhen
Crypt:2:  layout_basic, serial_glass, glass_columns_b, glass_columns_a,
          glass_columns_a, glass_columns_b
Crypt:3:  david_glass_crypt, layout_chaotic_city,
          nicolae_tomb_entry_unfolded_pyramid_orthogonal, uniq_jory
Depths:1: layout_twisted_cross, serial_shops, shop, pf_hell_entry_great_geh,
          st_stairs_9, grunt_decor_mini_mirrors, hangedman_aviary
Depths:2: minmay_diamond_stairs, layout_basic, rand_demon_pan_entry_5,
          hell_entry, hex_tiny, infiniplex_staircase_pillars_3b
Depths:3: cheibrodos_quadrivalence, layout_basic, enter_ziggurat_d,
          grunt_metal_band, abyss_entry, lemuel_tele_altar,
          nicolae_shop_fire_sale [nicolae_sub_dead_trees],
          nicolae_shop_i_like_big_books
Depths:4: grunt_zot_entry_funnels, layout_honeycomb, hell_entry,
          grunt_decor_junction, serial_bayou_shore_b
Hell
Zot:1:    layout_cellular_growth, skrybe_zot_glass_1
Zot:2:    layout_misc_corridors, drop_trap, grunt_megastairs_3
Zot:3:    layout_cathedral_of_symmetry
Zot:4:    layout_basic, grunt_ministairs_11

Skill      XL: |  1  2  3  4  5  6  7  8  9 10 11 12 13 14 15 16 17 18 19 20 21 22 23 24 25 26 |
---------------+-------------------------------------------------------------------------------+-----
Ranged Weapons | 5 6 8 9 10 12 14 16 18 20 22 25 26 27 | 27.0
Invocations    | 2 3 4 7 9 11 12 | 12.0
Dodging        | 4 7 10 11 13 16 18 19 20 22 23 24 26 27 | 27.0
Fighting       | 4 7 9 10 12 15 17 18 20 22 23 24 26 | 26.9
Armour         | 6 9 |  9.0
Stealth        | |  1.8

Action                   |  1- 3 |  4- 6 |  7- 9 | 10-12 | 13-15 | 16-18 | 19-21 | 22-24 | 25-27 || total
-------------------------+-------+-------+-------+-------+-------+-------+-------+-------+-------++-------
Melee: Shortbow          |       |       |     3 |       |       |       |       |       |       ||     3
       Kick              |       |       |     1 |       |     1 |       |       |    20 |       ||    22
       Arbalest          |       |       |       |       |     1 |       |       |       |       ||     1
       Triple crossbow   |       |       |       |       |       |       |       |    28 |       ||    28
       Peck              |       |       |       |       |       |       |       |    13 |       ||    13
 Fire: Shortbow          |    67 |   108 |   326 |   603 |    42 |       |       |       |       ||  1146
       Arbalest          |       |       |       |       |   951 |   718 |       |     8 |       ||  1677
       Longbow           |       |       |       |       |       |   235 |  1451 |   152 |       ||  1838
       Triple crossbow   |       |       |       |       |       |       |       |   912 |   757 ||  1669
Invok: Heroism           |       |       |     1 |     4 |     4 |     4 |     5 |     6 |     2 ||    26
       Finesse           |       |       |       |     1 |     4 |     4 |     5 |     6 |     2 ||    22
  Use: Scroll            |     8 |     8 |     6 |    12 |     5 |     7 |     5 |    13 |     6 ||    70
       Potion            |       |     4 |     4 |       |     3 |     1 |     2 |    22 |       ||    36
Armor: Leather armour    |     4 |     9 |    27 |    28 |       |       |       |       |       ||    68
       Steam dragon scal |       |       |       |    13 |    48 |    21 |    18 |    62 |    24 ||   186
       Troll leather arm |       |       |       |       |       |       |    12 |     6 |       ||    18
Dodge: Dodged            |    16 |    25 |    79 |   165 |   555 |   597 |   717 |  1310 |   616 ||  4080

Table legend: (Time is in decaauts)
 A = Elapsed time spent in this place.
 B = Non-inter-level travel time spent in this place.
 C = Inter-level travel time spent in this place.
 D = Time resting spent in this place.
 E = Time spent auto-exploring this place.
 F = Levels seen in this place.
 G = Mean time per level.
                   A        B        C        D        E       F      G
               +--------+--------+--------+--------+--------+-----+--------+
         Total |  53373 |  47222 |   6151 |  10728 |  26992 |  54 |  988.4 |
       Dungeon |  15030 |  12741 |   2289 |   2321 |   8201 |  15 | 1002.0 |
        Temple |      8 |      4 |      4 |      0 |      0 |   1 |    8.0 |
          Lair |   5124 |   4516 |    608 |    346 |   3407 |   5 | 1024.8 |
         Swamp |   3072 |   2880 |    192 |    855 |   1475 |   4 |  768.0 |
     Snake Pit |   3630 |   3502 |    128 |    326 |   2635 |   4 |  907.5 |
  Orcish Mines |   2025 |   1723 |    302 |    389 |    855 |   2 | 1012.5 |
   Elven Halls |   3346 |   3087 |    259 |    616 |   1625 |   3 | 1115.3 |
        Vaults |   9281 |   7897 |   1384 |   2966 |   3359 |   5 | 1856.2 |
         Crypt |   2973 |   2800 |    173 |    604 |   1678 |   3 |  991.0 |
        Depths |   4525 |   3857 |    668 |   1382 |   1680 |   4 | 1131.2 |
          Hell |      7 |      7 |      0 |      0 |      0 |   1 |    7.0 |
           Zot |   2794 |   2656 |    138 |    426 |   1552 |   4 |  698.5 |
       Ossuary |    219 |    219 |      0 |      0 |    103 |   1 |  219.0 |
      Ice Cave |    437 |    437 |      0 |    129 |    108 |   1 |  437.0 |
    Desolation |    896 |    896 |      0 |    362 |    308 |   1 |  896.0 |
               +--------+--------+--------+--------+--------+-----+--------+

Top non-repeatable levels by time:
Vaults:4: 3778 daAuts
Depths:4: 2438 daAuts
Vaults:2: 1571 daAuts
     D:5: 1461 daAuts
     D:7: 1446 daAuts
   Elf:3: 1414 daAuts
Vaults:1: 1405 daAuts
    D:13: 1399 daAuts
 Crypt:3: 1351 daAuts
    D:15: 1350 daAuts
  Lair:5: 1314 daAuts
Vaults:3: 1306 daAuts
Vaults:5: 1219 daAuts
    D:10: 1122 daAuts
  Lair:3: 1103 daAuts
